 Dungeon Crawl Stone Soup version 0.25-b1-37-g2669288c55 (webtiles) character file.

Game seed: 645052185026409573

11342 lepoulpe303 the Grappler (level 11, -19/91 HPs)
             Began as a Red Draconian Transmuter on June 4, 2020.
             Was an Elder of Wu Jian.
             Demolished by an orc warrior
             ... wielding a +0 scimitar
             ... led by an orc knight
              (32 damage)
             ... on level 2 of the Orcish Mines on June 5, 2020.
             The game lasted 00:58:59 (14461 turns).

lepoulpe303 the Grappler (DrTm)                    Turns: 14461, Time: 00:59:00

Health: -19/91     AC:  2    Str: 14    XL:     11   Next: 48%
Magic:  13/21      EV: 24    Int: 15    God:    Wu Jian [****..]
Gold:   1134       SH:  0    Dex: 17    Spells: 5/23 levels left

rFire    + . .     SeeInvis .     - Unarmed
rCold    . . .     Gourm    .   (shield currently unavailable)
rNeg     . . .     Faith    .   (armour unavailable)
rPois    x         Spirit   .   (helmet currently unavailable)
rElec    .         Reflect  .   (cloak currently unavailable)
rCorr    .         Harm     .   (gloves currently unavailable)
MR       .....                  (boots currently unavailable)
Stlth    ++........             (no amulet)
HPRegen  0.25/turn              W - ring of wizardry {Wiz+}
MPRegen  0.17/turn              F - ring of protection from fire

@: about to teleport, spider-form
A: tiny, (breathe fire), unfitting armour, AC +7
a: End Transformation, Wall Jump, Serpent's Lash, Renounce Religion


You were on level 2 of the Orcish Mines.
You worshipped Wu Jian.
Wu Jian was greatly pleased with you.
You were not hungry.
You were a venomous arachnid creature.
You visited 3 branches of the dungeon, and saw 12 of its levels.

You collected 1134 gold pieces.

Inventory:

Hand Weapons
 a - the +5 hunting sling of Disorder (melded) {venom, rN+}
   (You took it off an orc on level 3 of the Dungeon)

   It poisons the ammo it fires.
   It protects you from negative energy.
Missiles
 n - 27 boomerangs (quivered)
 q - 47 sling bullets
 u - a throwing net {=f}
 A - 10 boomerangs of dispersal {=f}
 Q - 142 arrows
Armour
 o - a +2 hat (melded)
Jewellery
 r - an uncursed ring of ice {rC+, rF-}
 F - a ring of protection from fire (right front leg)
 P - an uncursed ring of protection from fire
 R - an uncursed ring of fire {unknown}
 S - a +4 ring of evasion {unknown}
 W - a ring of wizardry (left front leg) {Wiz+}
Wands
 j - a wand of enslavement (6)
 m - a wand of acid (6)
 x - a wand of flame (13)
 y - a wand of clouds (9)
 D - a wand of digging (5)
 K - a wand of iceblast (8)
 L - a wand of polymorph (9)
 O - a wand of disintegration (17)
Scrolls
 c - 4 scrolls of enchant armour {unknown}
 d - 3 scrolls of fog {unknown}
 h - 4 scrolls of enchant weapon {unknown}
 i - a scroll of blinking {unknown}
 k - 4 scrolls of identify {unknown}
 l - 4 scrolls of immolation {!r}
 p - a scroll of random uselessness {unknown}
 t - 5 scrolls of teleportation
 w - 7 scrolls of remove curse
 C - 3 scrolls of fear {unknown}
 I - a scroll of magic mapping {unknown}
 N - a scroll of noise {unknown}
Potions
 b - 2 potions of cancellation {unknown}
 g - a potion of flight {unknown}
 s - a potion of mutation {unknown}
 v - 2 potions of berserk rage {unknown}
 z - a potion of haste
 B - 2 potions of curing {unknown}
 E - a potion of ambrosia {unknown}
 G - a potion of heal wounds {unknown}
 H - 4 potions of degeneration {unknown}
 J - a potion of might {unknown}
Comestibles
 e - 16 rations
 f - a chunk of flesh


   Skills:
 + Level 6.8 Fighting
 + Level 5.1 Slings
 + Level 5.9 Dodging
 * Level 9.3 Unarmed Combat
 + Level 6.7 Spellcasting
 * Level 9.0 Transmutations
 * Level 3.4 Fire Magic
 + Level 3.6 Poison Magic


You had 5 spell levels left.
You knew the following spells:

 Your Spells              Type           Power        Failure   Level  Hunger
a - Beastly Appendage     Tmut           ####..       1%          1    None
b - Ice Form              Ice/Tmut       ###.....     19%         4    ####...
c - Spider Form           Tmut/Pois      ###.......   4%          3    ##.....
d - Ignite Poison         Fire/Tmut/Pois ###.....     5%          3    ##.....
s - Sticks to Snakes      Tmut           ####....     1%          2    None
x - Blade Hands           Tmut           ####......   9%          5    #####..

Your spell library contained the following spells:

 Spells                   Type           Power        Failure   Level  Hunger
 Recall                   Summ/Tloc      N/A          30%         3    ##.....
 Yara's Violent Unravell  Hex/Tmut       ###.......   38%         5    #####..
 Cause Fear               Hex            #.........   63%         4    ####...
 Silence                  Hex/Air        #.........   89%         5    #####..
 Dispersal                Tloc           #.........   100%        6    #######
 Controlled Blink         Tloc           N/A          100%        8    #######
 Discord                  Hex            #.........   100%        8    #######


Dungeon Overview and Level Annotations

Branches:
Dungeon (9/15)             Temple (1/1) D:7             Orc (2/2) D:9
   Lair: D:8-11         Elf: Orc:2

Altars:
Ashenzari
Cheibriados
Dithmenos
Elyvilon
Fedhas
Gozag
Hepliaklqana
Makhleb
Nemelex Xobeh
Okawaru
Qazlal
Ru
Sif Muna
Trog
Uskayaw
Wu Jian
Xom
Yredelemnul
Zin
The Shining One
Beogh

Annotations:
D:3 Nebesus's ghost, amateur GrFi


Innate Abilities, Weirdness & Mutations

((You can breathe blasts of fire.))
((Your fiery red scales are hard. (AC +7)))
You cannot fit into any form of body armour.
((Your flesh is heat resistant. (rF+)))
((You are cold-blooded and may be slowed by cold attacks.))


Message History

The orc sorcerer shimmers violently.
The stone giant throws a large rock.
The large rock hits you!!!
* * * LOW HITPOINT WARNING * * *
You climb downwards.
The orc priest no longer looks unusually strong.
There is a stone staircase leading up, spattered with blood here.
You take 35 damage, and have 22/91 hp.
MASSIVE DAMAGE!!
As you read the scroll of teleportation, it crumbles to dust.
You feel strangely unstable.
The orc warrior hits you with a +0 scimitar!
* * * LOW HITPOINT WARNING * * *
The two-headed ogre misses you. The two-headed ogre barely misses you.
You take 10 damage, and have 12/91 hp.
You turn into a venomous arachnid creature.
The +5 hunting sling of Disorder {venom, rN+} melds into your body.
Your +2 hat melds into your body.
The +5 hunting sling of Disorder {venom, rN+} stops dripping with poison.
The orc warrior hits you with a +0 scimitar!!
You die...

#......#.....###.##
###=...<......####
#.)..........#
###))........##
##....).....###
#......)......## ###
.......)..[....####.##
........)......O##...#
.......#.......os...##
...o....#.#....o.o.##
.....o()...#.......#
........#.#.......##
.........#....#..##
.............##..##
.............##...##
##..........##.....#
#.........#......##


You could see a two-headed ogre, an orc warrior (strong), an orc priest and an
orc.

Levels and vault maps discovered:
D:1:      onia_arrival_zoo_common, layout_basic
D:2:      layout_loops_ring, overflow_temple_1_default, fedhas_altar_fruit_tree,
          ashenzari_altar_1, first_ration
D:3:      layout_loops_ring, biasface_ghost_orc_armoury
D:4:      layout_basic
D:5:      layout_loops_ring, bloody_trog, basic_altar,
          chequers_serial_rivers_micro_e, uniq_prince_ribbit1
D:6:      layout_basic, grunt_temple_overflow_order_and_chaos_1,
          kennysheep_mini_moat, uniq_pikel
D:7:      layout_loops_corners, lemuel_temple_firewalk_b, the_bakery,
          uniq_joseph, uniq_duvessa
D:8:      layout_loops_ring
D:9:      layout_gridville, hiddenorc1_lemuel, grunt_decor_mini_mirrors
Temple:   regret_index_temple_generic_petals
Orc:1:    layout_caves, sword_in_stone
Orc:2:    st_orc_mages, layout_diamond_mine, uniq_sonja, uniq_donald

Notes
Turn   | Place    | Note
-------+----------+-------------------------------------------
     0 | D:1      | lepoulpe303 the Draconian Transmuter began the quest for
                  | the Orb.
     0 | D:1      | Reached XP level 1. HP: 16/16 MP: 3/3
    10 | D:1      | Noticed an anaconda
    10 | D:1      | Noticed a polar bear
    10 | D:1      | Noticed a lindwurm
    53 | D:1      | Identified a +0 club
   232 | D:1      | Identified a +0 club
   283 | D:1      | Identified a +0 dagger
   312 | D:1      | Identified a +1 short sword of electrocution
   319 | D:1      | Reached XP level 2. HP: 19/23 MP: 1/5
   368 | D:1      | Learned a level 2 spell: Sticks to Snakes
   402 | D:1      | Identified a +0 dagger
   669 | D:1      | Identified a +0 club
   670 | D:1      | Reached skill level 2 in Dodging
   830 | D:1      | Reached XP level 3. HP: 18/28 MP: 6/6
  1252 | D:2      | Found a shattered altar of Ashenzari.
  1265 | D:2      | Identified a cursed -2 club
  1352 | D:2      | Identified a cursed -2 club
  1393 | D:2      | Identified a +3 dagger of flaming
  1394 | D:2      | Found a blossoming altar of Fedhas.
  1410 | D:2      | Reached XP level 4. HP: 25/36 MP: 7/7
  1499 | D:2      | Identified a +0 short sword
  1680 | D:2      | Found a basalt altar of Yredelemnul.
  1984 | D:3      | Identified a +0 mace
  1985 | D:3      | Identified a +0 club
  1985 | D:3      | Identified a +0 ring mail
  1985 | D:3      | Identified a +0 dagger
  1988 | D:3      | Identified a +0 falchion
  1988 | D:3      | Identified a +1 leather armour of cold resistance
  2003 | D:3      | Reached skill level 2 in Fighting
  2014 | D:3      | HP: 8/36 [orc/+0 falchion (2)]
  2085 | D:3      | Learned a level 3 spell: Spider Form
  2092 | D:3      | Identified a cursed -3 whip
  2275 | D:3      | Identified a +0 giant spiked club
  2275 | D:3      | Noticed an ogre
  2285 | D:3      | Killed an ogre
  2285 | D:3      | Reached skill level 3 in Spellcasting
  2285 | D:3      | Reached skill level 3 in Transmutations
  2285 | D:3      | Reached XP level 5. HP: 38/41 MP: 7/9
  2286 | D:3      | Identified a +0 club
  2351 | D:3      | Identified a +0 mace
  2385 | D:3      | Reached skill level 4 in Unarmed Combat
  2386 | D:3      | Found a runed translucent gate.
  2386 | D:3      | Found a runed translucent gate.
  2386 | D:3      | Identified a +0 club
  2386 | D:3      | Identified a +0 war axe
  2387 | D:3      | Found a runed translucent gate.
  2387 | D:3      | Noticed Nebesus's ghost (amateur GrFi)
  2387 | D:3      | Identified the +5 hunting sling of Disorder {venom, rN+}
  2387 | D:3      | Identified a +2 leather armour
  2390 | D:3      | Identified a +0 trident
  2418 | D:3      | Identified a +0 trident
  2423 | D:3      | Identified a +0 mace
  2425 | D:3      | Found a roughly hewn altar of Beogh.
  2614 | D:3      | Identified a +0 dagger
  2673 | D:3      | Identified a +0 morningstar of freezing
  2673 | D:3      | Identified a +0 leather armour
  2673 | D:3      | Identified a +0 hand axe
  2673 | D:3      | Identified a +0 chain mail
  2689 | D:3      | Identified a +0 short sword
  2689 | D:3      | Identified a +1 leather armour of poison resistance
  2829 | D:3      | Identified a +0 dagger
  2993 | D:3      | Identified a +0 club
  3092 | D:3      | Identified a +2 hat (You found it on level 3 of the
                  | Dungeon)
  3238 | D:4      | Identified a +0 club
  3433 | D:4      | Reached XP level 6. HP: 50/50 MP: 9/11
  3471 | D:4      | Identified a +0 giant club
  3628 | D:4      | Identified a +0 flail
  3636 | D:4      | Identified a +0 dagger
  3639 | D:4      | Identified a cursed -1 club
  3640 | D:4      | Identified a +0 falchion
  3640 | D:4      | Identified a +0 scale mail
  3640 | D:4      | Identified a +0 short sword
  3885 | D:4      | Identified 5 scrolls of teleportation
  3886 | D:4      | Identified 4 scrolls of immolation
  3959 | D:4      | Reached skill level 1 in Slings
  3959 | D:4      | Reached skill level 4 in Transmutations
  3959 | D:4      | Your scales start taking on a fiery red colour.
  3959 | D:4      | Reached XP level 7. HP: 37/56 MP: 12/12
  3959 | D:4      | Gained mutation: Your flesh is heat resistant. (rF+) [Red
                  | Draconian growth]
  4096 | D:4      | Reached skill level 3 in Fighting
  4192 | D:4      | Reached skill level 3 in Dodging
  4263 | D:4      | Reached skill level 4 in Spellcasting
  4558 | D:5      | Entered Level 5 of the Dungeon
  4572 | D:5      | Identified a +0 hand axe
  4572 | D:5      | Identified a +1 hand axe of electrocution
  4575 | D:5      | Identified a +0 short sword
  4587 | D:5      | Reached skill level 5 in Unarmed Combat
  4627 | D:5      | Identified a +0 leather armour
  4853 | D:5      | Identified a +0 dagger
  4853 | D:5      | Identified a +0 robe
  4858 | D:5      | Identified a +2 flail of holy wrath
  4930 | D:5      | Found a bloodstained altar of Trog.
  4971 | D:5      | Found a hide-covered altar of Uskayaw.
  5010 | D:5      | Noticed Prince Ribbit
  5207 | D:5      | Reached XP level 8. HP: 36/63 MP: 12/14
  5247 | D:5      | Identified a +0 giant club
  5405 | D:5      | Reached skill level 2 in Slings
  5653 | D:5      | Identified a +0 giant club
  5657 | D:5      | Reached skill level 5 in Transmutations
  5764 | D:5      | Killed Prince Ribbit
  5764 | D:5      | Reached skill level 1 in Poison Magic
  5996 | D:6      | Identified a +0 shortbow
  5996 | D:6      | Identified a +0 dagger
  5996 | D:6      | Identified a +0 robe
  5996 | D:6      | Identified a +0 dagger
  5996 | D:6      | Identified a +0 robe
  5996 | D:6      | Identified a +0 dagger
  6007 | D:6      | Reached skill level 4 in Fighting
  6215 | D:6      | Identified a +3 whip of holy wrath
  6215 | D:6      | Identified a +0 robe
  6215 | D:6      | Noticed an angel
  6216 | D:6      | Found a shimmering altar of Xom.
  6217 | D:6      | Found a glowing silver altar of Zin.
  6286 | D:6      | Reached skill level 6 in Unarmed Combat
  6288 | D:6      | Identified 3 scrolls of remove curse
  6289 | D:6      | Identified a ring of wizardry (You found it on level 3 of
                  | the Dungeon)
  6290 | D:6      | Identified a ring of stealth (You found it on level 5 of
                  | the Dungeon)
  6292 | D:6      | Identified a ring of ice (You found it on level 4 of the
                  | Dungeon)
  6299 | D:6      | Learned a level 5 spell: Blade Hands
  6304 | D:6      | Learned a level 4 spell: Ice Form
  6340 | D:6      | Identified a +0 whip of electrocution
  6340 | D:6      | Identified a +0 robe
  6340 | D:6      | Noticed Pikel
  6354 | D:6      | Killed Pikel
  6354 | D:6      | Reached skill level 4 in Dodging
  6354 | D:6      | Reached skill level 5 in Spellcasting
  6354 | D:6      | Reached skill level 6 in Transmutations
  6354 | D:6      | Reached skill level 2 in Poison Magic
  6354 | D:6      | Reached XP level 9. HP: 39/72 MP: 16/16
  6525 | D:6      | Found a snail-covered altar of Cheibriados.
  6689 | D:6      | Identified a +0 hand axe
  6699 | D:6      | Identified a +0 scimitar
  6699 | D:6      | Identified a +0 plate armour
  6717 | D:6      | HP: 18/72 [orc warrior/+0 scimitar (20)]
  6731 | D:6      | HP: 14/72 [orc warrior/+0 scimitar (7)]
  6738 | D:6      | Reached skill level 3 in Slings
  6746 | D:6      | Identified a +0 hand axe
  6746 | D:6      | Identified a +0 scale mail
  7104 | D:6      | Identified a +0 dagger
  7104 | D:6      | Identified a +0 robe
  7545 | D:7      | Identified a +0 mace
  7546 | D:7      | Identified a +0 dagger
  7546 | D:7      | Identified a +0 robe
  7567 | D:7      | Identified a cursed +0 dagger
  7567 | D:7      | Identified a +0 robe
  7569 | D:7      | Identified a +0 mace
  7650 | D:7      | Identified a +0 mace
  7650 | D:7      | Identified a +0 dagger
  7650 | D:7      | Identified a +0 robe
  7801 | D:7      | Identified a +0 dagger
  7801 | D:7      | Identified a +0 robe
  7801 | D:7      | Noticed Dowan
  7802 | D:7      | Identified a cursed -1 short sword
  7802 | D:7      | Identified a +1 leather armour of positive energy
  7802 | D:7      | Noticed Duvessa
  7807 | D:7      | Killed Dowan
  7822 | D:7      | HP: 14/72 [Duvessa/cursed -1 short sword (12)]
  7826 | D:7      | Killed Duvessa
  8304 | D:7      | Identified a +0 dagger
  8454 | D:7      | Identified a +0 quarterstaff
  8454 | D:7      | Identified a +0 hunting sling
  8454 | D:7      | Identified a +0 leather armour
  8454 | D:7      | Noticed Joseph
  8485 | D:7      | Killed Joseph
  8485 | D:7      | Reached skill level 5 in Fighting
  8485 | D:7      | Reached skill level 7 in Unarmed Combat
  8485 | D:7      | Reached skill level 3 in Poison Magic
  8497 | D:7      | Identified a +0 giant club
  8497 | D:7      | Identified a +0 dire flail
  8497 | D:7      | Noticed a two-headed ogre
  8511 | D:7      | HP: 14/74 [two-headed ogre/+0 giant club (27)]
  8618 | D:7      | Killed a two-headed ogre
  8618 | D:7      | Reached skill level 7 in Transmutations
  8907 | D:7      | Identified a +0 hand axe
  8907 | D:7      | Identified a +1 dagger of venom
  8907 | D:7      | Identified a +0 robe
  8907 | D:7      | Identified a +0 vampiric hand axe
  8919 | D:7      | Reached XP level 10. HP: 76/81 MP: 18/18
  8928 | D:7      | Identified a +0 whip
  9054 | D:7      | Found a staircase to the Ecumenical Temple.
  9063 | Temple   | Entered the Ecumenical Temple
  9242 | Temple   | Became a worshipper of the Wu Jian Council
  9278 | Temple   | lepoulpe303: !whichgod drtr
  9278 | Temple   | meem: No keyword 'drtr'
  9278 | Temple   | lepoulpe303: !whichgod drtm
  9278 | Temple   | meem: 96 recent wins for drtm: 27x Wu Jian, 15x
                  | Cheibriados, 9x Okawaru, 8x Ru, 7x Makhleb, 5x Nemelex
                  | Xobeh, 5x Gozag, 4x Ashenzari, 3x Jiyva, 3x Elyvilon, 3x
                  | The Shining One, 2x Sif Muna, 2x Vehumet, 2x Hepliaklqana,
                  | Qazlal
  9312 | D:7      | Identified a +0 dagger
  9312 | D:7      | Identified a +0 robe
  9430 | D:8      | Identified a +0 whip
  9430 | D:8      | Identified a +0 dagger
  9431 | D:8      | Identified a +0 club
  9432 | D:8      | Identified a +0 whip
  9502 | D:8      | Identified a +0 flail
  9502 | D:8      | Identified a +0 plate armour
  9504 | D:8      | Identified a +0 flail
  9791 | D:8      | Reached skill level 4 in Slings
 10057 | D:8      | Identified a +2 dagger of electrocution
 10057 | D:8      | Identified a +0 robe
 10058 | D:8      | Identified a +0 dagger
 10058 | D:8      | Identified a +0 robe
 10059 | D:8      | Identified a +0 glaive
 10059 | D:8      | Identified a +0 chain mail
 10099 | D:8      | Identified a +0 falchion
 10099 | D:8      | Identified a +0 chain mail
 10156 | D:8      | Identified a +0 dagger
 10156 | D:8      | Identified a +0 robe
 10156 | D:8      | Identified a +0 war axe
 10156 | D:8      | Identified a +0 chain mail
 10167 | D:8      | Identified a +0 halberd
 10167 | D:8      | Identified a +0 chain mail
 10176 | D:8      | Reached * piety under Wu Jian
 10176 | D:8      | Reached skill level 5 in Dodging
 10176 | D:8      | Reached skill level 8 in Unarmed Combat
 10186 | D:8      | Identified a +0 dagger
 10186 | D:8      | Identified a +0 robe
 10240 | D:8      | Identified a +0 hand axe
 10241 | D:8      | Identified a +0 ring mail
 10242 | D:8      | Identified a +0 chain mail
 10243 | D:8      | Identified a cursed -1 short sword
 10274 | D:8      | Reached skill level 6 in Spellcasting
 10344 | D:8      | Identified a ring of protection from fire (You found it on
                  | level 6 of the Dungeon)
 10972 | D:9      | Reached skill level 6 in Fighting
 10986 | D:9      | Identified Jurroar's Almanac of Warped Heat
 10992 | D:9      | Learned a level 3 spell: Ignite Poison
 11004 | D:9      | Identified a +0 club
 11004 | D:9      | Identified a cursed +0 ring mail
 11005 | D:9      | Identified a +0 flail
 11006 | D:9      | Identified a cursed -3 flail
 11007 | D:9      | Identified a cursed +0 club
 11007 | D:9      | Identified a +0 falchion
 11008 | D:9      | Identified a +0 club
 11008 | D:9      | Identified a +0 dagger
 11008 | D:9      | Identified a +0 ring mail
 11010 | D:9      | Identified a +0 club
 11012 | D:9      | Identified a +0 flail
 11013 | D:9      | Identified a +0 long sword
 11013 | D:9      | Identified a +0 chain mail
 11016 | D:9      | Identified a cursed -3 falchion
 11016 | D:9      | Identified a cursed -2 falchion
 11017 | D:9      | Identified a +0 club
 11017 | D:9      | Identified a +0 chain mail of poison resistance
 11027 | D:9      | Identified a +0 club
 11032 | D:9      | Reached ** piety under Wu Jian
 11133 | D:9      | Identified a +0 flail of holy wrath
 11162 | D:9      | Identified a +0 flail
 11165 | D:9      | Identified a +0 whip
 11174 | D:9      | Reached skill level 8 in Transmutations
 11192 | D:9      | Identified a +0 halberd
 11287 | D:9      | Identified a +0 falchion
 11287 | D:9      | Identified a +0 dagger
 11287 | D:9      | Identified a +0 trident
 11289 | D:9      | Identified a +0 dagger
 11289 | D:9      | Identified a +0 ring mail
 11545 | D:9      | Identified a +0 dagger
 11545 | D:9      | Identified a +0 leather armour
 11546 | D:9      | Identified a +0 leather armour
 11547 | D:9      | Identified a +0 dagger
 11547 | D:9      | Identified a +0 robe
 11549 | D:9      | Identified a +0 dagger
 11549 | D:9      | Identified a +0 robe
 11669 | D:9      | Found a staircase to the Orcish Mines.
 11707 | D:9      | Identified a +0 shortbow
 11760 | D:9      | Identified a cursed +0 shortbow
 11830 | D:9      | Identified a +0 giant club
 11942 | D:9      | Reached *** piety under Wu Jian
 12096 | Orc:1    | Entered Level 1 of the Orcish Mines
 12096 | Orc:1    | Identified a +0 club
 12101 | Orc:1    | Identified a cursed +0 mace
 12108 | Orc:1    | Identified a +0 scimitar
 12108 | Orc:1    | Identified a cursed +0 chain mail
 12108 | Orc:1    | Identified a +0 glaive
 12108 | Orc:1    | Identified a +0 plate armour of cold resistance
 12108 | Orc:1    | Identified a +0 dagger
 12108 | Orc:1    | Identified a cursed +0 robe
 12117 | Orc:1    | Identified a +0 broad axe
 12117 | Orc:1    | Identified a +0 plate armour
 12246 | Orc:1    | Identified a +0 flail
 12256 | Orc:1    | Identified a cursed -1 trident
 12256 | Orc:1    | Identified a +0 chain mail
 12256 | Orc:1    | Identified a +0 flail
 12256 | Orc:1    | Identified a +0 flail
 12300 | Orc:1    | Identified a +0 ring mail
 12301 | Orc:1    | Identified a +0 flail
 12301 | Orc:1    | Identified a +0 ring mail
 12306 | Orc:1    | Identified a +0 leather armour
 12340 | Orc:1    | Identified a +0 scimitar
 12340 | Orc:1    | Identified a +0 plate armour
 12345 | Orc:1    | Identified a +0 short sword
 12350 | Orc:1    | Identified a +0 dire flail
 12350 | Orc:1    | Identified a +0 plate armour
 12352 | Orc:1    | Identified a +0 flail
 12352 | Orc:1    | Identified a +0 scale mail
 12353 | Orc:1    | Identified a +0 dagger
 12353 | Orc:1    | Identified a +0 robe
 12353 | Orc:1    | Identified a +0 long sword
 12353 | Orc:1    | Identified a +0 chain mail
 12353 | Orc:1    | Noticed an orc knight
 12355 | Orc:1    | Identified a +0 halberd
 12355 | Orc:1    | Identified a +0 chain mail
 12355 | Orc:1    | Identified a +0 flail
 12355 | Orc:1    | Identified a +0 ring mail
 12356 | Orc:1    | Identified a cursed -3 war axe
 12358 | Orc:1    | Identified a +0 flail
 12370 | Orc:1    | Identified a +0 troll leather armour
 12370 | Orc:1    | Reached XP level 11. HP: 72/91 MP: 11/20
 12384 | D:9      | HP: 21/91 [orc knight/+0 long sword (19)]
 12398 | D:9      | Killed an orc knight
 12398 | D:9      | Reached skill level 1 in Fire Magic
 12685 | Orc:1    | Identified a +0 hand axe
 12685 | Orc:1    | Identified a +0 chain mail
 12692 | Orc:1    | Identified a +0 trident
 12727 | Orc:1    | Identified a +0 war axe
 12727 | Orc:1    | Identified a +0 plate armour
 12729 | Orc:1    | Identified a +0 mace of holy wrath
 12732 | Orc:1    | Identified a +0 short sword
 12732 | Orc:1    | Identified a +0 leather armour
 12814 | Orc:1    | Identified a cursed -3 dagger
 12814 | Orc:1    | Identified a +0 robe
 12817 | Orc:1    | Identified a +0 mace
 12817 | Orc:1    | Identified a +0 trident
 12818 | Orc:1    | Identified a +0 ring mail
 12884 | Orc:1    | Identified a +0 halberd
 12884 | Orc:1    | Identified a +0 plate armour
 12892 | Orc:1    | Reached skill level 9 in Unarmed Combat
 12913 | Orc:1    | Identified a +0 trident
 12913 | Orc:1    | Identified a +0 chain mail
 12913 | Orc:1    | Identified a +0 kite shield
 12918 | Orc:1    | Identified a +2 long sword of holy wrath
 12918 | Orc:1    | Identified a +0 chain mail
 12924 | Orc:1    | Identified a +0 battleaxe
 12924 | Orc:1    | Identified a +0 plate armour
 12927 | Orc:1    | Identified a +0 flail
 12927 | Orc:1    | Identified a +0 plate armour
 12937 | Orc:1    | Reached skill level 2 in Fire Magic
 12958 | Orc:1    | Identified a +8 double sword
 12958 | Orc:1    | Noticed a +8 double sword
 12958 | Orc:1    | Identified a +0 hand axe
 12958 | Orc:1    | Identified a +0 leather armour
 12988 | Orc:1    | Identified a +0 great sword
 12988 | Orc:1    | Identified a +0 plate armour
 12989 | Orc:1    | Identified a +0 whip
 12989 | Orc:1    | Identified a +0 ring mail
 13695 | Orc:2    | Entered Level 2 of the Orcish Mines
 13695 | Orc:2    | Identified a +0 ring mail
 13695 | Orc:2    | Identified a +0 dagger
 13695 | Orc:2    | Identified a +0 ring mail
 13698 | Orc:2    | Identified a +0 mace
 13698 | Orc:2    | Identified a +0 ring mail
 13700 | Orc:2    | Reached **** piety under Wu Jian
 13700 | Orc:2    | Identified a +0 flail
 13707 | Orc:2    | Identified a +0 long sword
 13707 | Orc:2    | Identified a +0 chain mail
 13708 | Orc:2    | Identified a +0 flail
 13709 | Orc:2    | Identified a +0 dagger
 13709 | Orc:2    | Identified a +0 robe
 13710 | Orc:2    | Identified a +0 flail
 13710 | Orc:2    | Identified a +0 leather armour
 13710 | Orc:2    | Identified a +0 leather armour
 13712 | Orc:2    | Identified a +0 mace
 13712 | Orc:2    | Identified a +0 chain mail
 13714 | Orc:2    | Identified a +0 whip
 13716 | Orc:2    | Identified a +1 war axe of flaming
 13716 | Orc:2    | Identified a +0 chain mail
 13716 | Orc:2    | Noticed an orc knight
 13860 | Orc:2    | Identified a +0 flail
 13862 | Orc:2    | Identified a +0 scimitar
 13862 | Orc:2    | Identified a +0 plate armour
 13862 | Orc:2    | Identified a +0 dagger
 13862 | Orc:2    | Identified a cursed -1 leather armour
 13863 | Orc:2    | Identified a +0 flail
 13874 | Orc:2    | Identified a +0 halberd
 13874 | Orc:2    | Identified a +0 chain mail
 13888 | Orc:2    | Identified a +0 dagger
 13888 | Orc:2    | Identified a +0 robe
 13902 | Orc:2    | Reached skill level 5 in Slings
 13905 | Orc:2    | Killed an orc knight
 13909 | Orc:2    | Identified a +0 mace
 13909 | Orc:2    | Identified a +0 scale mail
 13911 | Orc:2    | Identified a +0 hand axe
 13911 | Orc:2    | Identified a +0 leather armour
 13954 | Orc:2    | Reached skill level 3 in Fire Magic
 14053 | Orc:2    | Identified a +0 spear
 14056 | Orc:2    | Identified a +0 whip
 14060 | Orc:2    | Identified a +0 dagger
 14060 | Orc:2    | Identified a +0 leather armour
 14061 | Orc:2    | Identified a +0 halberd
 14062 | Orc:2    | Identified a +0 war axe
 14062 | Orc:2    | Identified a +0 plate armour
 14064 | Orc:2    | Identified a +0 club
 14065 | Orc:2    | Identified a +0 dagger
 14065 | Orc:2    | Identified a +0 robe
 14071 | Orc:2    | Identified a +0 dagger
 14071 | Orc:2    | Identified a +0 robe
 14359 | Orc:2    | Identified a +0 troll leather armour
 14359 | Orc:2    | Reached skill level 9 in Transmutations
 14419 | Orc:2    | Identified a +0 bardiche
 14419 | Orc:2    | Identified a +0 plate armour
 14419 | Orc:2    | Noticed an orc knight
 14419 | Orc:2    | Identified a +0 giant spiked club
 14422 | Orc:2    | Identified a +0 flail
 14424 | Orc:2    | Identified a +0 scimitar
 14424 | Orc:2    | Identified a +0 chain mail
 14447 | Orc:2    | Killed an orc knight
 14447 | Orc:2    | Identified a +0 hand axe
 14447 | Orc:2    | Identified a cursed +0 leather armour
 14457 | Orc:1    | Identified a +0 giant spiked club
 14457 | Orc:1    | Identified a +0 giant club
 14457 | Orc:1    | Noticed a two-headed ogre
 14457 | Orc:1    | Identified a +0 dagger
 14457 | Orc:1    | Identified a +0 robe
 14457 | Orc:1    | Noticed an orc sorcerer
 14457 | Orc:1    | Noticed a stone giant
 14458 | Orc:1    | HP: 22/91 [stone giant/large rock (36)]
 14461 | Orc:2    | Demolished by an orc warrior

Table legend:
 A = Turns spent in this place as a percentage of turns spent in the entire game.
 B = Non-inter-level travel turns spent in this place as a percentage of non-inter-level travel turns spent in the entire game.
 C = Inter-level travel turns spent in this place as a percentage of turns spent in this place.
 D = Turns resting spent in this place as a percentage of non-inter-level travel turns spent in this place.
 E = Turns spent auto-exploring this place as a percentage of non-inter-level travel turns spent in this place.
 F = Non-inter-level travel turns spent in this place divided by the number of levels of this place that you've seen.
                   A       B       C       D       E      F
               +-------+-------+-------+-------+-------+----------------------
         Total | 100.0 | 100.0 |   7.5 |  23.0 |  55.1 | 1115.2
       Dungeon |  87.8 |  87.4 |   7.9 |  23.2 |  54.8 | 1299.8
        Temple |   1.5 |   1.3 |  19.9 |   0.0 |  98.3 | 173.0
  Orcish Mines |  10.7 |  11.3 |   2.2 |  24.0 |  52.1 | 756.0
               +-------+-------+-------+-------+-------+----------------------

Table legend:
 A = Kills in this place as a percentage of kills in entire the game.
 B = Kills by you in this place as a percentage of kills by you in the entire game.
 C = Kills by friends in this place as a percentage of kills by friends in the entire game.
 D = Other kills in this place as a percentage of other kills in the entire game.
 E = Experience gained in this place as a percentage of experience gained in the entire game.
 F = Experience gained in this place divided by the number of levels of this place that you have seen.
                   A       B       C       D       E      F
               +-------+-------+-------+-------+-------+----------------------
         Total | 100.0 | 100.0 |   N/A |   N/A | 100.0 | 1350.2
       Dungeon |  78.1 |  78.1 |   N/A |   N/A |  65.2 | 1173.7
  Orcish Mines |  21.9 |  21.9 |   N/A |   N/A |  34.8 | 2820.0
               +-------+-------+-------+-------+-------+----------------------

Skill      XL: |  1  2  3  4  5  6  7  8  9 10 11 |
---------------+----------------------------------+-----
Dodging        | 2 3 4 5 |  5.9
Fighting       | 2 3 4 5 6 |  6.8
Spellcasting   | 3 4 5 6 |  6.7
Transmutations | 3 4 6 7 8 9 |  9.0
Unarmed Combat | 4 5 6 7 8 9 |  9.3
Slings         | 1 2 3 4 5 |  5.1
Poison Magic   | 2 3 |  3.6
Fire Magic     | 3 |  3.4

Action                   |  1- 3 |  4- 6 |  7- 9 | 10-12 || total
-------------------------+-------+-------+-------+-------++-------
Melee: Unarmed           |   188 |   178 |    63 |   114 ||   543
       Tailslap          |    19 |    24 |     4 |     9 ||    56
       Headbutt          |     5 |     8 |     3 |     1 ||    17
       Kick              |     7 |    14 |     9 |    13 ||    43
       Punch             |     1 |     1 |     1 |     2 ||     5
       Hunting sling     |       |       |       |     4 ||     4
 Fire: Hunting sling     |       |    15 |   194 |   356 ||   565
Throw: Boomerang         |       |    18 |       |     1 ||    19
 Cast: Beastly Appendage |    14 |    21 |     7 |     8 ||    50
       Sticks to Snakes  |       |     2 |     8 |     1 ||    11
       Spider Form       |       |       |     4 |     6 ||    10
       Ignite Poison     |       |       |       |    48 ||    48
Invok: Whirlwind         |       |       |       |     7 ||     7
       Lunge             |       |       |       |     3 ||     3
  Use: Scroll            |       |     2 |     1 |     1 ||     4
 Stab: Sleeping          |       |     2 |       |       ||     2
       Distracted        |       |       |       |     2 ||     2
  Eat: Chunk             |     2 |     5 |     9 |    10 ||    26
       Ration            |       |     1 |     2 |     3 ||     6
Armor: Skin              |    46 |    42 |    33 |    38 ||   159
Dodge: Dodged            |   120 |   150 |    66 |   174 ||   510

Vanquished Creatures
  A two-headed ogre (D:7)
  Pikel (D:6)
  3 orc knights
  Joseph (D:7)
  3 trolls
  Prince Ribbit (D:5)
  A hippogriff (D:8)
  A spriggan (D:7)
  2 wargs
  A water moccasin (D:8)
  23 orc warriors
  Duvessa (D:7)
  A necrophage (D:9)
  2 slaves (D:6)
  5 ice beasts
  2 sky beasts (D:7)
  4 phantoms
  6 ogres
  3 centaurs
  A crocodile (D:9)
  A big kobold (D:8)
  2 bullfrogs (D:8)
  A gnoll sergeant (Orc:1)
  A wyvern zombie (D:9)
  4 scorpions
  Dowan (D:7)
  9 killer bees
  2 howler monkeys (D:7)
  A bullfrog zombie (D:5)
  14 orc priests
  2 hounds
  3 jellies
  2 bullfrog skeletons
  2 centaur skeletons
  3 iguanas
  21 orc wizards
  10 worker ants
  A killer bee zombie (D:5)
  A hound skeleton (D:4)
  A worker ant zombie (D:9)
  8 gnolls
  6 adders
  A shadow imp (D:7)
  3 oozes
  4 adder skeletons
  3 worms
  2 dart slugs (D:1)
  5 leopard geckos
  91 orcs
  8 bats
  7 giant cockroaches
  11 goblins
  8 hobgoblins
  12 jackals
  13 kobolds
  A quokka (D:3)
  2 ball pythons
  4 frilled lizards
  10 rats
344 creatures vanquished.

Vanquished Creatures (others)
  An orc (D:6)
  A jackal skeleton (D:6)
2 creatures vanquished.

Grand Total: 346 creatures vanquished
